 Dungeon Crawl Stone Soup version 0.24.0-37-gcf1ca852f1 (webtiles) character file.

Game seed: 14626376539891401419, levelgen mode: deterministic

676 Froggeryz the Insei (level 7, -3/43 HPs)
             Began as an Octopode Transmuter on Nov 27, 2019.
             Splashed by a jelly's acid (9 damage)
             ... on level 5 of the Dungeon.
             The game lasted 00:04:51 (3458 turns).

Froggeryz the Insei (Octopode Transmuter)           Turns: 3458, Time: 00:04:51

Health: -3/43      AC: -5    Str: 11    XL:     7   Next: 60%
Magic:  10/10      EV: 13    Int: 16    God:
Gold:   232        SH:  0    Dex: 12    Spells: 6/10 levels left

rFire    x . .     SeeInvis .     - Unarmed
rCold    + . .     Gourm    .   (no shield)
rNeg     . . .     Faith    .   (helmet restricted)
rPois    .         Spirit   .   (no amulet)
rElec    .         Reflect  .   b - +6 ring of protection
rCorr    .         Harm     .   f - ring of ice (curse)
MR       .....                  (no ring)
Stlth    ++........             (no ring)
HPRegen  0.14/turn              (no ring)
MPRegen  0.12/turn              (no ring)
                                (no ring)
                                (no ring)

@: corroded
A: almost no armour, stealthy swim, amphibious, 8 rings, constrict 8, camouflage
1, gelatinous body 1
a: no special abilities


You were on level 5 of the Dungeon.
You were not hungry.

You visited 1 branch of the dungeon, and saw 5 of its levels.

You collected 232 gold pieces.

Inventory:

Missiles
 a - 63 arrows
Jewellery
 b - a +6 ring of protection (left tentacle)
 f - a cursed ring of ice (right tentacle)
 h - an uncursed ring of poison resistance {unknown}
 n - a cursed ring of teleportation {unknown}
Scrolls
 d - 2 scrolls of teleportation {unknown}
 e - 5 scrolls of magic mapping {unknown}
 g - a scroll of noise {unknown}
 i - a scroll of enchant armour {unknown}
 k - 2 scrolls of fear {unknown}
 l - 5 scrolls of remove curse {unknown}
 m - 2 scrolls of random uselessness {unknown}
 p - a scroll of identify {unknown}
 u - a scroll of enchant weapon {unknown}
Potions
 j - 2 potions of heal wounds {unknown}
 o - 2 potions of mutation {unknown}
 q - a potion of berserk rage {unknown}
 r - a potion of might {unknown}
 s - a potion of brilliance {unknown}
 t - a potion of curing
 v - a potion of lignification {unknown}
Comestibles
 c - 10 rations


   Skills:
 - Level 1.0 Fighting
 - Level 2.0 Dodging
 * Level 7.6 Unarmed Combat
 - Level 2.0 Spellcasting
 + Level 4.3 Transmutations


You had 6 spell levels left.
You knew the following spells:

 Your Spells              Type           Power        Failure   Level  Hunger
a - Beastly Appendage     Tmut           ###...       3%          1    #......
b - Spider Form           Tmut/Pois      #.........   26%         3    ###....

Your spell library contained the following spells:

 Spells                   Type           Power        Failure   Level  Hunger
 Sticks to Snakes         Tmut           ###.....     5%          2    ###....
 Ice Form                 Ice/Tmut       ##......     63%         4    #####..
 Blade Hands              Tmut           ###.......   67%         5    ######.


Dungeon Overview and Level Annotations

Branches:
Dungeon (5/15)
 Temple: D:4-7

Altars:
The Shining One

Annotations:
D:5 3 runed translucent doors


Innate Abilities, Weirdness & Mutations

You cannot wear most types of armour.
You are very stealthy in the water. (Stealth+)
You are amphibious.
You can wear up to eight rings at the same time.
You can use your tentacles to constrict eight enemies at once.
Your skin changes colour to match your surroundings (Stealth+).
Your rubbery body absorbs attacks. (AC +1, EV +1)


Message History

You tentacle-slap the jelly but do no damage.
Your tentacles burn!
The jelly is severely wounded.
The kobold shouts!
You hear a shout! x3
The jelly closely misses you.
You hear a shout!
The big kobold shouts!
You tentacle-slap the jelly. The acid corrodes you!
Your tentacles burn!
The jelly is almost dead.
You hear a shout!
The jelly hits you.
You are splashed with acid.
You tentacle-slap the jelly but do no damage.
Your tentacles burn!
* * * LOW HITPOINT WARNING * * *
You tentacle-slap the jelly, but do no damage.
The jelly is almost dead.
The jelly hits you.
* * * LOW HITPOINT WARNING * * *
The acid corrodes you!
You are splashed with acid!
You die...

#........# #.......)#
.#........#
#.........#
##........#
.#........# ###
K+....†J.%## †.#
K+.....@...# #.#
.+.#######.# #.###
#.# #...## #)#
....†#####..#######.#
....÷†..............#
...............[....#
....................#
<......#............#


You could see a big kobold, a jelly and a kobold.

Vanquished Creatures
  A sky beast (D:5)
  A centaur (D:2)
  2 crimson imps (D:5)
  A hound (D:4)
  A centaur skeleton (D:4)
  3 orc wizards
  An orc priest (D:4)
  Jessica (D:2)
  A worker ant (D:4)
  7 adders
  An adder skeleton (D:3)
  3 worms
  3 dart slugs
  6 leopard geckos
  15 orcs
  7 bats
  6 giant cockroaches
  16 goblins
  7 hobgoblins
  9 jackals
  17 kobolds
  4 quokkas (D:3)
  A ball python skeleton (D:4)
  5 frilled lizards
  A jackal zombie (D:5)
  6 rats
126 creatures vanquished.

Notes
Turn   | Place    | Note
-------+----------+-------------------------------------------
     0 | D:1      | Froggeryz the Octopode Transmuter began the quest for the
                  | Orb.
     0 | D:1      | Reached XP level 1. HP: 13/13 MP: 3/3
   203 | D:1      | Reached XP level 2. HP: 18/18 MP: 5/5
   290 | D:1      | Reached skill level 4 in Unarmed Combat
   366 | D:1      | Reached XP level 3. HP: 23/23 MP: 6/6
   870 | D:2      | Reached XP level 4. HP: 20/28 MP: 7/7
   970 | D:2      | Reached skill level 5 in Unarmed Combat
  1158 | D:2      | Noticed a centaur
  1167 | D:2      | Killed a centaur
  1167 | D:2      | Reached XP level 5. HP: 12/33 MP: 8/8
  1472 | D:2      | Noticed Jessica
  1479 | D:2      | Killed Jessica
  1601 | D:2      | Reached skill level 6 in Unarmed Combat
  1765 | D:3      | Reached XP level 6. HP: 38/38 MP: 9/9
  2113 | D:3      | Found a glowing golden altar of the Shining One.
  2171 | D:3      | Found a faded altar of an unknown god.
  2533 | D:4      | Reached XP level 7. HP: 18/43 MP: 10/10
  2565 | D:4      | Reached skill level 7 in Unarmed Combat
  3119 | D:4      | Learned a level 3 spell: Spider Form
  3162 | D:5      | Entered Level 5 of the Dungeon
  3447 | D:5      | Found a runed translucent gate.
  3447 | D:5      | Found a runed translucent gate.
  3447 | D:5      | Found a runed translucent gate.
  3457 | D:5      | Identified the cursed +0 short sword of Kismet {chaos, +Inv
                  | MP+9}
  3458 | D:5      | Splashed by a jelly's acid

Levels and vault maps discovered:
D:1:      eino_arrival_water_cross, layout_basic
D:2:      layout_rooms, uniq_jessica
D:3:      layout_loops_ring, marbit_many_paths,
          chequers_ecumenical_altar_island, dk_noncrumbling_3
D:4:      layout_cave_pools
D:5:      layout_basic, vehumet_altar_wand_db, first_ration,
          gammafunk_ghost_nasty_kobolds, nemelex_diamond_rough_becter

Skill      XL: |  1  2  3  4  5  6  7 |
---------------+----------------------+-----
Unarmed Combat | 4 5 6 7 |  7.6
Transmutations | 3 4 |  4.3
Fighting       | |  1.0
Dodging        | |  2.0
Spellcasting   | |  2.0

Action                   |  1- 3 |  4- 6 |  7- 9 || total
-------------------------+-------+-------+-------++-------
Melee: Unarmed           |   103 |   154 |    53 ||   310
       Constrict         |    26 |    46 |    11 ||    83
       Tentacles         |    14 |    34 |    10 ||    58
       Punch             |     1 |     5 |     5 ||    11
  Use: Potion            |       |     1 |       ||     1
 Stab: Sleeping          |     4 |     8 |     2 ||    14
  Eat: Chunk             |       |     5 |     3 ||     8
Armor: Skin              |    25 |    32 |    19 ||    76
Dodge: Dodged            |    64 |    93 |    20 ||   177
